[Event "Late-Titled-Tuesday-Blitz-April-23-2024"]
[Site "Chess.com"]
[Date "2024.04.23"]
[Round "2"]
[White "pifion"]
[Black "Firouzja2003"]
[Result "0-1"]
[WhiteElo "2676"]
[BlackElo "3106"]
[TimeControl "180+1"]
[EndTime "14:18:36 PDT"]
[Termination "Firouzja2003 won on time"]

1. d4 Nf6 2. c4 g6 3. Nc3 Bg7 4. e4 d6 5. h3 O-O 6. Be3 Nc6 7.
Nf3 e5 8. d5 Ne7 9. g4 Nd7 10.
Rg1 Kh8 11. Be2 f5 12. gxf5 gxf5 13. Ng5 Nf6 14. exf5 Nxf5 15. Qc2 Nd4 16. Qd2 Bf5 17. O-O-O Qe7 18. Bd3 Nh5 19. Bxf5 Rxf5 20. Nce4 Nf4 21. Rg4 Raf8 22. Kb1 c6 23. Rdg1 cxd5 24. cxd5 Nde2 25. Re1 h5 26. Rxe2 hxg4 27. Bxf4 Rxf4 28. hxg4 Rxg4 29. f3 Rg1+ 30. Kc2 Rc8+ 31. Kb3 Qc7 32. Qb4 a5 33.
Qb5 Qc1 34. Rh2+ Kg8 35. Ne6 Qd1+ 36. Ka3 Qxf3+ 37. Nc3 e4 38. Nxg7 Rxg7 39. Rc2 Qd3 40. Qb3 b5 41. Re2 b4+ 42. Ka4 bxc3 0-1

[Event "Late-Titled-Tuesday-Blitz-April-23-2024"]
[Site "Chess.com"]
[Date "2024.04.23"]
[Round "2"]
[White "2Coaches1Profile"]
[Black "Cayse"]
[Result "0-1"]
[WhiteElo "2559"]
[BlackElo "2802"]
[TimeControl "180+1"]
[EndTime "14:18:36 PDT"]
[Termination "Cayse won by resignation"]

1. d4 Nf6 2. Bg5 d5 3. Bxf6 gxf6 4. c4 dxc4 5. e3 c5 6. Bxc4 cxd4 7. Nc3 Nc6 8. Qh5 e6 9. O-O-O Qa5 10. Qxa5 Nxa5 11.
Bb5+ Ke7 12. exd4 a6 13. Be2 b5 14. Bf3 Rb8 15. d5 Bh6+ 16. Kb1 Rd8 17. Nge2 Nc4 18.
Nd4 Bb7 19. Rhe1 Ne5 20. Be4 b4 21. dxe6 bxc3 22. Nf5+ Kxe6 23. Rxd8 Bxe4+ 24. Rxe4 Rxb2+ 25. Ka1 Kxf5 26. Re1 Bd2 27. Rb1 Nc4 28. Rb8 Ke4 29. R1xb2 cxb2+ 30. Kb1 Bc3 31. Kc2 Na3+ 32. Kxc3 b1=Q 33.
Rxb1 Nxb1+ 34. Kb4 Kd5 35. Ka5 Nc3 36. a3 Nb1 37. a4 Nc3 38. Kb4 Kd4 39. a5 Nd5+ 40. Kb3 Kc5 41. Kc2 Ne7 42. Kd3 Nc6 43. Ke4 Nxa5 44.
Kf5 Nc4 45. Kxf6 a5 46. Kxf7 a4 47. f4 a3 48. f5 a2 49. f6 a1=Q 50. Kg7 Nd6 51.
Kxh7 Qxf6 52. g4 Qg5 0-1

[Event "Late-Titled-Tuesday-Blitz-April-23-2024"]
[Site "Chess.com"]
[Date "2024.04.23"]
[Round "2"]
[White "Noki102"]
[Black "Lennis93"]
[Result "1-0"]
[WhiteElo "2527"]
[BlackElo "2754"]
[TimeControl "180+1"]
[EndTime "14:18:36 PDT"]
[Termination "Noki102 won on time"]

1. d4 Nf6 2. Nf3 d5 3. g3 Bf5 4.
Bg2 e6 5. O-O c6 6. b3 a5 7. Bb2 a4 8. c4 a3 9. Bc3 Ne4 10. Be1 Be7 11. Nc3 O-O 12. Rc1 Nd7 13. Nd2 Nxc3 14. Rxc3 Bb4 15. Rc1 Qa5 16. e4 Bg6 17. f4 dxe4 18. Nxe4 Bxe4 19. Bxe4 Nf6 20. Bf3 Rfd8 21. Bf2 Bc3 22. Qd3 Bb2 23. Rcd1 Qc7 24.
Qe3 Rd7 25. Qe5 Rad8 26. Qxc7 Rxc7 27. d5 Rcd7 28. Bb6 cxd5 29. Bxd8 Rxd8 30. cxd5 exd5 31. Rfe1 g6 32. Re7 b6 33. Rb7 Rd6 34. g4 d4 35.
g5 Nd7 36. Be2 Nc5 37. Rb8+ Kg7 38. Bd3 h6 39. Ra8 Re6 40. Ra7 hxg5 41. fxg5 Re5 42. h4 b5 43. Rf1 Nxd3 44. Raxf7+ Kg8 45. Rf8+ 1-0

[Event "Late-Titled-Tuesday-Blitz-April-23-2024"]
[Site "Chess.com"]
[Date "2024.04.23"]
[Round "2"]
[White "JaackCamel"]
[Black "DeArron_Fox"]
[Result "0-1"]
[WhiteElo "2213"]
[BlackElo "2492"]
[TimeControl "180+1"]
[EndTime "14:18:37 PDT"]
[Termination "DeArron_Fox won on time"]

1. d4 d5 2. c4 e6 3. Nc3 Nf6 4. cxd5 exd5 5. Bg5 c6 6. e3 Be7 7. Bd3 Nbd7 8. Qc2 Nh5 9. Bxe7 Qxe7 10. O-O-O Nb6 11.
h3 Be6 12. Nf3 O-O-O 13. Kb1 g6 14. g4 Ng7 15. Rc1 Kb8 16. Na4 Nxa4 17. Qxa4 Ne8 18. Rc3 Nc7 19. Rhc1 f6 20. Ra3 a6 21. Rb3 Nb5 22.
Qa5 Qc7 23. Qb4 Qd6 24. Qa5 Qc7 25. Qd2 h5 26. a4 Nd6 27. Bxa6 hxg4 28. hxg4 Bxg4 29.
Ne1 Bf5+ 30. Ka2 Ka7 31. Bd3 Nc4 32. Bxc4 dxc4 33. Rxc4 Be6 34. Qb4 Bxc4 35. Qxc4 Qa5 36. Nd3 Rd7 37. Nc5 Rc7 38. Ne6 Re7 39. Nc5 b6 40. Nd3 Kb7 41. Nb4 Rc8 0-1

[Event "Late-Titled-Tuesday-Blitz-April-23-2024"]
[Site "Chess.com"]
[Date "2024.04.23"]
[Round "2"]
[White "IndianSchoolOfSuffering"]
[Black "ArtemDyachuk"]
[Result "0-1"]
[WhiteElo "2414"]
[BlackElo "2738"]
[TimeControl "180+1"]
[EndTime "14:18:40 PDT"]
[Termination "ArtemDyachuk won by resignation"]

1. Nf3 Nf6 2. c4 e6 3. d4 d5 4. g3 dxc4 5. Bg2 a6 6. O-O Nc6 7. e3 Bd7 8. a4 Rb8 9. a5 Bb4 10. Bd2 Qe7 11. Qc2 b5 12. axb6 Rxb6 13. Nc3 O-O 14.
Na4 Rb5 15. Qxc4 Na5 16. Qd3 Nb3 17. Qxb3 Bxd2 18. Qc2 Bb4 19. Ne5 Bd6 20. Nd3 Rfb8 21. Ra2 h5 22. Rfa1 h4 23. Nc3 Rh5 24. Rxa6 Ng4 25.
Ra8 Re8 26. Nf4 hxg3 27. hxg3 Rh6 28. Rxe8+ Bxe8 29. Ra8 g5 30. Bc6 Nf6 31. Ne4 gxf4 32. Nxf6+ Qxf6 33. Rxe8+ Kg7 34. exf4 Qxd4 35. Bf3 Rg6 36.
Kg2 Bc5 37. Rc8 Bb6 38. Ra8 Rh6 39. Qe2 Qf6 40. b3 Qf5 41. Ra4 Qh3+ 42. Kg1 Qxg3+ 43. Kf1 Qh3+ 44. Ke1 Qf5 45. Be4 Qxf4 46. Bd3 Qc1+ 47. Qd1 Rh1+ 0-1

[Event "Late-Titled-Tuesday-Blitz-April-23-2024"]
[Site "Chess.com"]
[Date "2024.04.23"]
[Round "2"]
[White "english_player_89"]
[Black "ashookk"]
[Result "1-0"]
[WhiteElo "2528"]
[BlackElo "2321"]
[TimeControl "180+1"]
[EndTime "14:18:41 PDT"]
[Termination "english_player_89 won by resignation"]

1. e4 e6 2. d4 d5 3. Bd3 c5 4. dxc5 Nc6 5. Nd2 Nf6 6. Ngf3 dxe4 7. Nxe4 Nxe4 8. Bxe4 Qxd1+ 9. Kxd1 Bxc5 10. Ke2 Bd7 11. c3 O-O 12. Rd1 Rfd8 13. Bf4 Be8 14. Ne5 Nxe5 15. Bxe5 Bc6 16. Bxc6 bxc6 17. f3 Kf8 18. a4 f6 19. Bf4 e5 20. Be3 Bxe3 21. Kxe3 Ke7 22. a5 Ke6 23. b4 a6 24. g4 Rab8 25. h4 Rd5 26. h5 Rbd8 27. Rxd5 cxd5 28. Rb1 Rc8 29. Kd3 Rb8 30. Re1 Kd6 31. Kc2 d4 32.
Rd1 Ke6 33. Kb3 dxc3 34. Kxc3 Rc8+ 35. Kb3 g6 36. hxg6 hxg6 37. Rh1 Rd8 38. Kc4 Rc8+ 39. Kd3 Rd8+ 40. Ke3 Rb8 41. Rb1 f5 42. gxf5+ gxf5 43. f4 e4 44. Kd4 Rd8+ 45. Kc5 Rc8+ 46. Kb6 Kd5 47. Kxa6 e3 48. b5 e2 49. b6 Kc6 50.
Rc1+ Kd7 51. Re1 Kc6 52. Ka7 Re8 53. a6 Re7+ 54. b7 Kb5 55. Rxe2 1-0

[Event "Late-Titled-Tuesday-Blitz-April-23-2024"]
[Site "Chess.com"]
[Date "2024.04.23"]
[Round "2"]
[White "ubdip"]
[Black "DamianoLew95"]
[Result "0-1"]
[WhiteElo "2426"]
[BlackElo "2743"]
[TimeControl "180+1"]
[EndTime "14:18:42 PDT"]
[Termination "DamianoLew95 won by resignation"]

1. c4 e5 2. Nc3 Nf6 3. Nf3 Nc6 4. e3 Bb4 5. d4 d6 6. Be2 O-O 7. O-O Bxc3 8. bxc3 b6 9. a4 Ba6 10. Ba3 Re8 11.
c5 Bxe2 12. Qxe2 dxc5 13. dxc5 Qd7 14. Rfd1 Qe6 15. h3 h6 16. Nd2 Red8 17. Nc4 Nd5 18. Rac1 Rd7 19. a5 b5 20. Nd2 a6 21. c4 bxc4 22. Nxc4 Rad8 23. Re1 Ndb4 24. Rb1 Nd3 25. Rec1 Nxc1 26. Rxc1 Na7 27. Bb2 f6 28. Kh2 Nb5 29. f3 Rd5 30. Na3 Rd2 31. Qc4 Qxc4 32. Nxc4 Rd1 33. Nb6 cxb6 34. axb6 Rxc1 35. Bxc1 Rc8 36. b7 Rb8 37. c6 Na7 38. c7 Rxb7 39. c8=Q+ Nxc8 40. Ba3 Kf7 41. Bd6 Ke6 42. Bxe5 fxe5 0-1

[Event "Late-Titled-Tuesday-Blitz-April-23-2024"]
[Site "Chess.com"]
[Date "2024.04.23"]
[Round "2"]
[White "Bryanl106"]
[Black "Valiyev_Shahin"]
[Result "1/2-1/2"]
[WhiteElo "2693"]
[BlackElo "2433"]
[TimeControl "180+1"]
[EndTime "14:18:42 PDT"]
[Termination "Game drawn by agreement"]

1. e4 c5 2. Nf3 d6 3. d4 cxd4 4.
Nxd4 Nf6 5. Nc3 g6 6. Be3 Bg7 7. f3 O-O 8. Qd2 Nc6 9. O-O-O Nxd4 10. Bxd4 Be6 11. Kb1 Qc7 12. g4 Rfc8 13. h4 Qa5 14. a3 Rab8 15. h5 b5 16. hxg6 fxg6 17. Nd5 Qxd2 18. Nxf6+ Bxf6 19. Rxd2 Bxd4 20. Rxd4 a5 21. Rd2 Kg7 22. Rdh2 Bg8 23. Bd3 b4 24. axb4 axb4 25. f4 Ra8 26. b3 Ra3 27. g5 Rc3 28. f5 Raxb3+ 29. cxb3 Rxd3 30. Rg1 Rxb3+ 31. Rb2 Rf3 32. fxg6 b3 33. gxh7 Bxh7 34. g6 Bxg6 35. Rbg2 Rf6 36. Kb2 Kf7 37. Rg4 Re6 38. Rf1+ Ke8 39. Rff4 Bf7 40. Rh4 Rf6 41. Rh8+ Kd7 42. Rxf6 exf6 43. Kc3 Ke7 44. Kd4 Kd7 45. Rf8 Be6 46. Rxf6 b2 47. Rf1 Ba2 48. e5 d5 49. Rg1 Ke7 50.
Rh1 Ke6 51. Rh6+ Ke7 52. Rb6 b1=Q 53. Rxb1 Bxb1 54. Kxd5 Ba2+ 55. Kd4 Be6 56. Ke4 Bd7 57. Kf4 Be6 58. Ke3 Bd7 59. Kd4 Be6 60. Ke3 1/2-1/2

[Event "Late-Titled-Tuesday-Blitz-April-23-2024"]
[Site "Chess.com"]
[Date "2024.04.23"]
[Round "2"]
[White "RobertJFischer71"]
[Black "Kombinator01"]
[Result "1-0"]
[WhiteElo "2594"]
[BlackElo "2377"]
[TimeControl "180+1"]
[EndTime "14:18:42 PDT"]
[Termination "RobertJFischer71 won by resignation"]

1. e4 e5 2. Nf3 Nc6 3. Bb5 Nf6 4. O-O Bc5 5. c3 O-O 6. d4 Bb6 7. dxe5 Nxe4 8. Qd5 Nc5 9. Bg5 Qe8 10. Nbd2 a6 11. Bc4 Na5 12. b4 Nxc4 13. Nxc4 Na4 14. Rac1 Ba7 15.
Rfe1 Nb6 16. Nxb6 Bxb6 17. Qe4 a5 18. b5 d6 19. exd6 Qxe4 20. Rxe4 cxd6 21. Be7 Re8 22. Rce1 d5 23. R4e2 Be6 24. Bd6 Rec8 25. Be5 a4 26. Bd4 Ba5 27. Re3 h6 28. h3 Rc4 29. Ne5 Rxd4 30.
cxd4 Bxe1 31. Rxe1 Rc8 32. Re2 Rc1+ 33. Kh2 Rd1 34.
Nf3 a3 35. Re3 Ra1 36. Rxa3 Rb1 37. Rb3 Ra1 38. Rb2 f6 39. Kg3 Bf5 40. Nd2 Bd3 41.
Nb3 Rg1 42. Nc5 b6 43. Nxd3 Rd1 44. Rb3 Rd2 45. a3 Ra2 46. Kf3 g6 47. Ke3 g5 48.
Nb4 Kg7 49. Nxa2 1-0

[Event "Late-Titled-Tuesday-Blitz-April-23-2024"]
[Site "Chess.com"]
[Date "2024.04.23"]
[Round "2"]
[White "Zampronha1971"]
[Black "Harry_Rakkel"]
[Result "0-1"]
[WhiteElo "2443"]
[BlackElo "2699"]
[TimeControl "180+1"]
[EndTime "14:18:43 PDT"]
[Termination "Harry_Rakkel won by resignation"]

1. e4 c6 2. d4 d5 3. e5 Bf5 4. Nf3 e6 5. Be2 a5 6. O-O a4 7. c4 dxc4 8. Bxc4 Nd7 9. Nc3 Nb6 10. Bd3 Ne7 11. Bg5 Qd7 12. Bxe7 Bxd3 13. Bxf8 Bxf1 14.
Bc5 Bxg2 15. Kxg2 Nc8 16. Ne4 Qd5 17. Qe2 b6 18. Nd6+ Nxd6 19. Bxd6 f5 20. Kg1 h6 21. Rc1 g5 22. Qd3 g4 23. Nd2 Kf7 24. Qc4 Rhc8 25.
a3 h5 26. Qb4 Qb5 27. Qxb5 cxb5 28. Rc3 h4 29. Bb4 Rxc3 30. Bxc3 Kg6 31. Kg2 f4 32. f3 h3+ 33. Kf2 Kf5 34. fxg4+ Kxg4 35. Ne4 Ra7 36. Nf6+ Kf5 37. Nh5 Rh7 38. Nf6 Rg7 39.
Ne8 Rg2+ 40. Kf3 Rxh2 41. Nd6+ Kg5 42. Ne4+ Kf5 43. Nd6+ Kg6 44. Kxf4 Rg2 45. Kf3 Rg5 46. Ne4 h2 47. Nf2 Rf5+ 48. Kg3 Rxf2 0-1

[Event "Late-Titled-Tuesday-Blitz-April-23-2024"]
[Site "Chess.com"]
[Date "2024.04.23"]
[Round "2"]
[White "MatthewG-p4p"]
[Black "TimGrutter03"]
[Result "1-0"]
[WhiteElo "2910"]
[BlackElo "2610"]
[TimeControl "180+1"]
[EndTime "14:18:44 PDT"]
[Termination "MatthewG-p4p won on time"]

1. e4 c6 2. d4 d5 3. exd5 cxd5 4. Bd3 Nc6 5. c3 Nf6 6. h3 g6 7. Nf3 Bg7 8. O-O O-O 9. Re1 Bf5 10. Bf1 Ne4 11. Nbd2 Rc8 12. g4 Nxd2 13. Bxd2 Be4 14.
Ng5 e5 15. dxe5 Nxe5 16. Bf4 h6 17. Nxe4 dxe4 18. Rxe4 Nc6 19. Qxd8 Rcxd8 20. Rae1 Rd5 21. Bc4 Rd7 22. Re8 a6 23. a4 Na5 24. Bf1 Nc6 25. Bg2 Kh7 26. h4 Rxe8 27. Rxe8 Bf6 28. h5 Bg5 29.
hxg6+ Kxg6 30. Be4+ Kf6 31. Bxc6 Rd1+ 32. Kg2 Bxf4 33.
Bxb7 Rd2 34. b4 Be5 35. Rc8 Rc2 36. Bxa6 Rxc3 37. Rd8 Rc2 38. Rd5 Bc7 39. Bd3 Rd2 40. a5 Bb8 41. b5 Ke6 42. Rd8 Bc7 43. Bc4+ 1-0

[Event "Late-Titled-Tuesday-Blitz-April-23-2024"]
[Site "Chess.com"]
[Date "2024.04.23"]
[Round "2"]
[White "ViIIagra"]
[Black "arenal72"]
[Result "1-0"]
[WhiteElo "2927"]
[BlackElo "2624"]
[TimeControl "180+1"]
[EndTime "14:18:45 PDT"]
[Termination "ViIIagra won by resignation"]

1. g3 d5 2. Bg2 e5 3. d3 g6 4. Nf3 Bg7 5. O-O Ne7 6. e4 Nbc6 7.
Nc3 O-O 8. Bd2 h6 9. Qc1 Kh7 10.
Nxd5 Nxd5 11. exd5 Ne7 12. Re1 f6 13. Bb4 Rf7 14.
c4 c6 15. d4 cxd5 16. Bxe7 Rxe7 17. dxe5 dxc4 18. Qxc4 fxe5 19. Rad1 Qf8 20. Nh4 Bf5 21. Be4 Bxe4 22. Qxe4 Qf7 23. Rd6 Re6 24. Rxe6 Qxe6 25. Qxb7 Rf8 26. Qe4 Qf7 27. Re2 Bf6 28. Nf3 Qxa2 29.
Nxe5 Bxe5 30. Qxe5 Rf7 31. Kg2 Qa6 32. Qe4 Qb6 33.
h4 a5 34. h5 Qf6 35. hxg6+ Qxg6 36. Qd5 Qf5 37. Qc6 Qf6 38. Qa8 Qf5 39. Rd2 Qf6 40. Qe4+ Qf5 41. Qe2 Qf6 42. Rd5 a4 43. Rd2 Qc6+ 44. f3 Kg7 45. Rd4 Qf6 46. Rxa4 Rb7 47. Rg4+ Kh7 48. Qe4+ 1-0

[Event "Late-Titled-Tuesday-Blitz-April-23-2024"]
[Site "Chess.com"]
[Date "2024.04.23"]
[Round "2"]
[White "Kiborg95"]
[Black "woodpusher52"]
[Result "1/2-1/2"]
[WhiteElo "2824"]
[BlackElo "2594"]
[TimeControl "180+1"]
[EndTime "14:18:46 PDT"]
[Termination "Game drawn by repetition"]

1. e4 c5 2. Nc3 a6 3. g3 b5 4. Bg2 Bb7 5. Nh3 h5 6. O-O h4 7. g4 e6 8. d3 Nc6 9. f4 Qc7 10. a4 b4 11. Ne2 Nf6 12. g5 Nh5 13. c3 a5 14. Be3 d6 15. d4 Be7 16. d5 exd5 17. exd5 Na7 18. Rc1 g6 19. f5 gxf5 20. Rxf5 Bc8 21. Rf2 Bg4 22. Qf1 Qd7 23. Kh1 Rf8 24.
Nef4 O-O-O 25. cxb4 axb4 26. Nxh5 Bxh5 27. Nf4 Bg4 28. h3 Bf5 29. Nd3 Bxd3 30. Qxd3 Kb8 31. b3 Qc7 32. Rcf1 Rg8 33. Rxf7 Nc8 34. g6 Qd7 35. g7 Qe8 36. Qh7 Nb6 37. Bh6 Nd7 38. Rf8 Rxf8 39. gxf8=Q Nxf8 40. Qg8 Nd7 41. Qg4 Ne5 42. Qe2 Qg6 43. Bf4 Bf6 44. Qb5+ Kc7 45. Bxe5 Bxe5 46. Qc6+ Kb8 47. a5 Qg3 48. Qb6+ Ka8 49. Qc6+ Kb8 50. Qb6+ Kc8 51. Qc6+ Kb8 1/2-1/2

[Event "Late-Titled-Tuesday-Blitz-April-23-2024"]
[Site "Chess.com"]
[Date "2024.04.23"]
[Round "2"]
[White "alexrustemov"]
[Black "SerGo055"]
[Result "1-0"]
[WhiteElo "2843"]
[BlackElo "2594"]
[TimeControl "180+1"]
[EndTime "14:18:47 PDT"]
[Termination "alexrustemov won on time"]

1. d4 g6 2. c4 Bg7 3. Nf3 e6 4.
b3 d5 5. Bb2 Ne7 6. e3 O-O 7.
Be2 Nbc6 8. O-O a5 9. a3 b6 10.
Nbd2 Bb7 11. Qc2 Nf5 12. Rac1 Rc8 13. Rfd1 h5 14. Bc3 Bh6 15. b4 axb4 16. axb4 g5 17. c5 bxc5 18. dxc5 g4 19. Ne5 d4 20. Nxc6 Bxc6 21.
Ne4 Bxe3 22. fxe3 Nxe3 23. Qb1 Nxd1 24. Rxd1 f5 25. Nf2 Qd5 26. Bf1 e5 27. b5 Rb8 28.
Qc1 Be8 29. Bb2 Kh7 30. c6 Bg6 31. Bc4 Qd8 32. Nd3 Qf6 33. Nc5 Rfd8 34. Nd7 Rxd7 35. cxd7 Rd8 36. Bf1 Rxd7 37. Qc5 Re7 38. Re1 h4 39.
Bxd4 g3 40. h3 f4 41. Rxe5 Rf7 42. Rh5+ Bxh5 43. Qxh5+ Qh6 44. Qxf7+ 1-0

[Event "Late-Titled-Tuesday-Blitz-April-23-2024"]
[Site "Chess.com"]
[Date "2024.04.23"]
[Round "2"]
[White "ilushka"]
[Black "carokannlover213"]
[Result "0-1"]
[WhiteElo "2549"]
[BlackElo "2788"]
[TimeControl "180+1"]
[EndTime "14:18:48 PDT"]
[Termination "carokannlover213 won on time"]

1. Nf3 Nf6 2. g3 b6 3. Bg2 Bb7 4. c4 g6 5. b3 Bg7 6. Bb2 O-O 7.
O-O c5 8. d4 cxd4 9. Qxd4 Nc6 10.
Qf4 Qb8 11. Rd1 Qxf4 12. gxf4 Nb4 13. Nc3 Ne4 14. Ne5 Nxc3 15. Bxc3 Bxg2 16. Bxb4 d6 17.
Kxg2 dxe5 18. fxe5 Bxe5 19. Rac1 Bf6 20. Rd7 Rfe8 21.
Rcd1 a5 22. Ba3 a4 23. Bb4 axb3 24. axb3 Ra2 25. Kf3 Rb2 26. R1d3 e5 27. e4 Bh4 28.
Bd2 f5 29. Be3 Rf8 30. Bxb6 fxe4+ 31. Kxe4 Re2+ 32. Kd5 e4 33. Re3 Rd2+ 34. Kc6 Rf6+ 35. Kc7 Rxd7+ 36. Kxd7 Rxb6 37. Rxe4 Bxf2 38. Rf4 Bg1 39.
Rf3 Bxh2 40. c5 Rb7+ 41. Kd8 Bc7+ 0-1

[Event "Late-Titled-Tuesday-Blitz-April-23-2024"]
[Site "Chess.com"]
[Date "2024.04.23"]
[Round "2"]
[White "AsaHoffmann"]
[Black "Alexei_Gubajdullin"]
[Result "0-1"]
[WhiteElo "2376"]
[BlackElo "2590"]
[TimeControl "180+1"]
[EndTime "14:18:54 PDT"]
[Termination "Alexei_Gubajdullin won on time"]

1. d4 Nf6 2. Bg5 g6 3. Nc3 Bg7 4. e4 d6 5. f3 O-O 6. Qd2 Nc6 7. Nge2 e5 8. O-O-O exd4 9. Nxd4 Nxd4 10. Qxd4 h6 11.
Bh4 Re8 12. Qd2 Nxe4 13. Bxd8 Nxd2 14. Bxc7 Nxf1 15. Rhxf1 Bf5 16. Bxd6 Rac8 17. Rfe1 Rxe1 18. Rxe1 b5 19. g4 Be6 20. Nxb5 a6 21. Na3 Bxa2 22.
Be5 Bf8 23. Re3 Bd5 24. Rd3 Bb7 25. Bf6 g5 26. Kd2 Kh7 27. Bc3 Kg6 28. Ke2 Bc5 29. Bd4 Bd6 30. h3 Bf4 31. c4 h5 32. Nc2 Rxc4 33.
Ne3 Rc8 34. Rb3 Bc6 35. Rb6 f6 36. Kf2 h4 37. Rxa6 Bg3+ 38. Kg2 Kf7 39. Nf5 Bb8 40. Rb6 Ke6 41. b4 Kd7 42. b5 Bd5 43. Rxf6 Rc2+ 44.
Kf1 Bxf3 45. Ng7 Bg2+ 46. Ke1 Bxh3 47. Rf7+ Kd6 48. Nf5+ Kd5 49. Ne3+ Kxd4 50. Nxc2+ Kd3 51. Nb4+ Kc4 52. Nc6 Bg3+ 53. Ke2 Kxb5 54. Nd4+ Kc4 55. Ne6 Bxg4+ 56. Ke3 Bxe6 57. Rg7 Bf4+ 58. Kf3 h3 0-1

[Event "Late-Titled-Tuesday-Blitz-April-23-2024"]
[Site "Chess.com"]
[Date "2024.04.23"]
[Round "2"]
[White "ElCoachRene"]
[Black "MaiqMaster"]
[Result "0-1"]
[WhiteElo "1974"]
[BlackElo "2444"]
[TimeControl "180+1"]
[EndTime "14:18:55 PDT"]
[Termination "MaiqMaster won on time"]

1. Nf3 Nf6 2. d4 d5 3. Bf4 g6 4. e3 Bg7 5. Nbd2 O-O 6. Bd3 c5 7. c3 Nc6 8. O-O Nd7 9. Bg5 f6 10. Bh4 Qc7 11. Bg3 e5 12. Be2 Qb6 13. Qb3 Qxb3 14.
axb3 a6 15. h3 Re8 16. dxc5 Nxc5 17. b4 Ne6 18. b5 Nb8 19. Rfd1 Nd7 20. Ra5 b6 21.
Ra4 Ndc5 22. Ra2 a5 23. b4 Nb7 24. Nb3 Nc7 25. bxa5 Nxa5 26. Nxa5 Be6 27. Rda1 d4 28.
Nc4 Rxa2 29. Rxa2 d3 30. Bxd3 e4 31. Be2 exf3 32. gxf3 Nxb5 33. Rb2 Nxc3 34. Bf1 Na4 35. Rb4 Bd7 36. Nxb6 Nxb6 37. Rxb6 h5 38. Bc4+ Kh7 39. Rb7 Bxh3 40. Bh4 g5 41. Bd3+ Kh6 42. Bg3 h4 43. Bd6 Rd8 44. Rb6 Bd7 45. Kh2 Be8 46. Be4 Bg6 47. Be7 Rd2 48. Bxf6 Bxe4 49. Bc3+ Kh5 50. Bxd2 Bxf3 51. Rb7 Be5+ 52. Kg1 Bxb7 0-1

[Event "Late-Titled-Tuesday-Blitz-April-23-2024"]
[Site "Chess.com"]
[Date "2024.04.23"]
[Round "2"]
[White "Fandorine"]
[Black "karinachess1"]
[Result "1-0"]
[WhiteElo "2926"]
[BlackElo "2618"]
[TimeControl "180+1"]
[EndTime "14:18:56 PDT"]
[Termination "Fandorine won on time"]

1. e4 e5 2. Nf3 Nc6 3. Nc3 Nf6 4. g3 d5 5. exd5 Nxd5 6. Bg2 Nxc3 7. bxc3 Bd6 8. O-O O-O 9. Re1 Bg4 10. h3 Bh5 11. Rb1 Rb8 12. g4 Bg6 13. d3 Qd7 14. Nh4 Bc5 15.
Be3 Bxe3 16. Rxe3 Qd6 17. Rb5 b6 18. Nxg6 fxg6 19. Rd5 Qf6 20. Qe1 Rbe8 21. Rd7 Rc8 22. d4 Kh8 23. dxe5 Qe6 24. Rd2 Ne7 25. Red3 h6 26. a4 g5 27. Qe4 Ng6 28. Re3 Rf4 29. Qd5 Re8 30. Qxe6 Rxe6 31. Rd7 Rxe5 32. Rxc7 Rxe3 33.
fxe3 Rxa4 34. c4 Ne5 35. Bd5 g6 36. Kf2 a5 37. Ke2 Rb4 38. Kd2 b5 39. c5 Nc4+ 40.
Ke2 Rb2 41. Be4 Na3 42. Kd1 Rb1+ 43. Kd2 Nc4+ 44. Ke2 a4 45. c6 Nd6 46. Bxg6 a3 47. Ra7 Rb2 48. c7 a2 49. e4 1-0

[Event "Late-Titled-Tuesday-Blitz-April-23-2024"]
[Site "Chess.com"]
[Date "2024.04.23"]
[Round "2"]
[White "xasid81"]
[Black "vi_pranav"]
[Result "1/2-1/2"]
[WhiteElo "2678"]
[BlackElo "3077"]
[TimeControl "180+1"]
[EndTime "14:18:58 PDT"]
[Termination "Game drawn by repetition"]

1. d4 Nf6 2. Nf3 e6 3. Bg5 Be7 4. Nbd2 d5 5. c3 b6 6. Bxf6 Bxf6 7. e4 Bb7 8. Bd3 Nd7 9. Qe2 O-O 10. O-O c5 11. e5 Be7 12. Ba6 Bxa6 13. Qxa6 Nb8 14. Qb7 Qd7 15. Qxd7 Nxd7 16. Rfc1 f6 17. exf6 gxf6 18.
Re1 Kf7 19. c4 dxc4 20. Nxc4 Rac8 21. Rad1 cxd4 22. Rxd4 Nc5 23. b3 e5 24. Rdd1 Rfd8 25.
Kf1 b5 26. Ne3 Ne6 27. Rxd8 Rxd8 28. Rd1 Rc8 29. Rd7 Rc1+ 30. Ke2 Rc7 31. Rxc7 Nxc7 32. Nd2 Na6 33. Nd5 Bd8 34. a4 bxa4 35. bxa4 Nc5 36. Nc3 f5 37. Nc4 Ke6 38. f3 a6 39.
g4 f4 40. Nb2 Ba5 41. Ne4 Nb3 42. Nc4 Bd8 43. Kd3 Be7 44. Kc3 Nd4 45. Ncd2 Kd5 46. Kd3 Bb4 47. Nf6+ Ke6 48. Nfe4 Be7 49. h3 Kd5 50.
Nc3+ Ke6 51. Nce4 Nc6 52. Nb3 Kd5 53. Nc3+ Ke6 54. Ne4 Kd5 55. Nc3+ Ke6 56. Ne4 1/2-1/2

[Event "Late-Titled-Tuesday-Blitz-April-23-2024"]
[Site "Chess.com"]
[Date "2024.04.23"]
[Round "2"]
[White "TigrVShlyape"]
[Black "jinbojinbo"]
[Result "1-0"]
[WhiteElo "3028"]
[BlackElo "2649"]
[TimeControl "180+1"]
[EndTime "14:18:58 PDT"]
[Termination "TigrVShlyape won on time"]

1. e4 e5 2. Nf3 Nc6 3. Bb5 a6 4. Ba4 Nf6 5. O-O d6 6. Bxc6+ bxc6 7. d4 exd4 8. Nxd4 Bd7 9. Qf3 Be7 10. e5 dxe5 11.
Nxc6 Bxc6 12. Qxc6+ Nd7 13. Rd1 Bd6 14. Nc3 O-O 15.
Ne4 Nf6 16. Bg5 Qe8 17. Nxf6+ gxf6 18. Qxe8 Rfxe8 19. Bxf6 Re6 20. Bg5 Rb8 21. b3 e4 22.
Be3 f5 23. g3 Kf7 24. Rd5 Kg6 25. Rad1 Rf8 26. Bc5 Bxc5 27. Rxc5 Rf7 28. Rdd5 h6 29. Re5 Ref6 30. Kg2 Rd6 31. a4 Rd2 32. Re6+ Kg7 33.
Kf1 f4 34. Ke1 e3 35. fxe3 fxe3 36. Rxe3 Rxh2 37. Re2 Rh3 38. Rg2 Rh1+ 39. Kd2 Rhf1 40. Kc3 R1f3+ 41. Kb4 R3f6 42. Ka5 Rg6 43. g4 Kh7 44. b4 Rfg7 45. c4 Rf6 46. b5 axb5 47. cxb5 Rf4 48. Rgc2 Rgxg4 49. Rxc7+ Kg6 50. Ra2 h5 51.
b6 h4 52. b7 Rb4 53. Rc6+ Kf7 54. Rb6 1-0

[Event "Late-Titled-Tuesday-Blitz-April-23-2024"]
[Site "Chess.com"]
[Date "2024.04.23"]
[Round "2"]
[White "cristiano78"]
[Black "Levanzovsky"]
[Result "0-1"]
[WhiteElo "2262"]
[BlackElo "2512"]
[TimeControl "180+1"]
[EndTime "14:19:00 PDT"]
[Termination "Levanzovsky won by resignation"]

1. d4 d5 2. c4 e6 3. Nf3 Nf6 4. Nc3 Nbd7 5. Bg5 Be7 6. Rc1 O-O 7. e3 h6 8. Bh4 c5 9. cxd5 Nxd5 10. Bxe7 Nxe7 11.
dxc5 Nxc5 12. Qxd8 Rxd8 13. Be2 b6 14. O-O Bb7 15.
Rfd1 Rac8 16. h3 Nf5 17. b4 Ne4 18. Nxe4 Bxe4 19. Ba6 Rxd1+ 20. Rxd1 Rc2 21. a4 Bxf3 22. gxf3 Nh4 23. f4 Rb2 24. b5 Ra2 25. Rd7 Rxa4 26.
Rxa7 g6 27. Rb7 Ra1+ 28. Kh2 Ra2 29. Kg3 Nf5+ 30. Kf3 Nh4+ 31. Kg3 Nf5+ 32. Kf3 Nh4+ 33. Ke4 Rxf2 34. Rxb6 Nf5 35. Rb8+ Kg7 36. b6 Ra2 37. b7 Rxa6 38. Rg8+ Kxg8 39. b8=Q+ Kg7 40. Qe5+ Kg8 41. Qb8+ Kg7 42. Qe5+ Kh7 43. Qf6 Kg8 44. Kf3 Ra3 45.
Qd8+ Kg7 46. Kf2 Rxe3 47. Qb8 Rxh3 48. Qe5+ Kg8 49. Qb8+ Kg7 50. Qe5+ Kh7 51. Qc7 Rb3 52. Qxf7+ Ng7 53. Qe7 h5 54. Kg2 Rd3 55. Kf2 Kh6 56. Qg5+ Kh7 57. Qe7 Rd5 58. Kf3 Rb5 59. Kf2 Rf5 60. Kg3 Kg8 61. Qd8+ Rf8 62. Qc7 Nf5+ 63. Kf3 Ng7 64. Kg3 Rf7 65. Qb8+ Kh7 66. Qe5 Rd7 67. Kh4 Rd4 68. Qf6 Rd5 69. Kg3 Kh6 70. Qe7 Nf5+ 71.
Kf2 Nxe7 0-1

[Event "Late-Titled-Tuesday-Blitz-April-23-2024"]
[Site "Chess.com"]
[Date "2024.04.23"]
[Round "2"]
[White "TheSilmarils"]
[Black "nabukatnezarr"]
[Result "1-0"]
[WhiteElo "2967"]
[BlackElo "2637"]
[TimeControl "180+1"]
[EndTime "14:19:02 PDT"]
[Termination "TheSilmarils won on time"]

1. Nf3 Nf6 2. c4 e6 3. g3 b6 4.
Bg2 Bb7 5. O-O Be7 6. b3 O-O 7. Bb2 d5 8. e3 a5 9. Nc3 Na6 10. cxd5 exd5 11. d4 Re8 12. Rc1 Nb4 13.
a3 Na6 14. Qc2 Bf8 15. Rfd1 Rc8 16. Qb1 c6 17. Ne2 Bd6 18. Nf4 Qe7 19. Qa1 Ne4 20. Rc2 g6 21. Rdc1 Kg7 22. Ne5 Bxe5 23. dxe5 Kg8 24. h4 Nec5 25. Qa2 Ne6 26. Rd2 Rcd8 27. Rcd1 Nac5 28. b4 axb4 29. axb4 Ne4 30. Bxe4 dxe4 31. Rxd8 Rxd8 32. Rxd8+ Nxd8 33. Qc4 c5 34. b5 Ne6 35.
Nd5 Qd8 36. Nf6+ Kg7 37. Qc1 Qd3 38. Qe1 Qc2 39. Ba1 Qd3 40. h5 Qxb5 41. Kg2 Qd3 42. h6+ Kf8 43. Nxh7+ Kg8 44. Nf6+ Kh8 45. Bb2 Nd4 46.
exd4 e3+ 47. d5 e2 48. e6 Bxd5+ 49. Nxd5+ Kh7 50. Nf6+ Kxh6 51. Ng4+ Kg5 52. exf7 1-0